 Dungeon Crawl Stone Soup version 0.21.1-1-g345015fe64 (webtiles) character file.

249436 Jannitor the Fighter (level 20, -1/115 HPs)
             Began as a Gargoyle Ice Elementalist on Mar 1, 2018.
             Was the Champion of Okawaru.
             Slain by a manticore (6 damage)
             ... on level 3 of the Shoals on Mar 4, 2018.
             The game lasted 02:08:20 (42748 turns).

Jannitor the Fighter (Gargoyle Ice Elementalist)   Turns: 42748, Time: 02:08:21

Health: -1/115     AC: 36    Str: 15 (18) XL:     20   Next: 4%
Magic:  36/44      EV: 15    Int: 24      God:    Okawaru [******]
Gold:   3985       SH: 12    Dex: 15 (19) Spells: 15/41 levels left

rFire    + + .     SeeInvis +   l - +8 double sword (holy)
rCold    . . .     Gourm    .   S - +0 shield {reflect}
rNeg     + . .     Faith    .   j - +2 ring mail of Gasch {Str+4}
rPois    ∞         Spirit   .   E - +1 helmet of Lifelessness {Regen+ Str-3 Int+4 Slay+5}
rElec    +         Reflect  +   L - +0 cloak {MR+}
rCorr    .         Harm     .   M - +1 pair of gloves {Dex+3}
MR       +++..                  u - +1 pair of boots {Stlth+}
Stlth    +.........             q - amulet of Xaukeok {rPois rF+ MR+ Regen+ MP+9}
HPRegen  1.09/turn              U - ring of see invisible
MPRegen  0.29/turn              N - +6 ring of dexterity

@: about to teleport, berserk cooldown, flying, slowed, very slow
A: big wings, molten scales 1, blurry vision 1, deterioration 2, fire resistance
1, frail 1, negative energy resistance 1, electricity resistance, unbreathing,
petrification resistance, rot immunity, AC +15
}: 1/15 runes: serpentine
a: Stop Flying, Heroism, Finesse, Renounce Religion


You were on level 3 of the Shoals.
You worshipped Okawaru.
Okawaru was exalted by your worship.
You were not hungry.

You visited 6 branches of the dungeon, and saw 32 of its levels.
You visited the Abyss 3 times.
You also visited: Labyrinth, Sewer and Ice Cave.

You collected 4243 gold pieces.
You spent 258 gold pieces at shops.

Inventory:

Hand Weapons
 k - a +2 demon blade of flaming
 l - a +8 double sword of holy wrath (weapon)
 w - the +4 dagger "Morg" {pain, MR+ Int+5}
   (You found it on level 1 of the Orcish Mines)

   In the hands of one skilled in necromantic magic, it inflicts extra damage on
   living creatures.
   It affects your intelligence (+5).
   It affects your resistance to hostile enchantments.
Missiles
 F - 8 javelins of penetration (quivered)
Armour
 j - the +2 ring mail of Gasch (worn) {Str+4}
   (You found it on level 1 of the Orcish Mines)

   It affects your strength (+4).
 m - the +2 cloak of Disguise {Str+2}
   (Okawaru gifted it to you on level 4 of the Snake Pit)

   It affects your strength (+2).
 u - a +1 pair of boots of stealth (worn)
 A - a +2 crystal plate armour
 E - the +1 helmet of Lifelessness (worn) {Regen+ Str-3 Int+4 Slay+5}
   (Okawaru gifted it to you on level 5 of the Lair of Beasts)

   It affects your strength (-3).
   It affects your intelligence (+4).
   It affects your accuracy and damage with ranged weapons and melee attacks
   (+5).
   It increases your rate of regeneration.
 L - a +0 cloak of magic resistance (worn)
 M - a +1 pair of gloves of dexterity (worn)
 S - a +0 shield of reflection (worn)
Jewellery
 n - an uncursed ring of protection from fire {unknown}
 q - the amulet of Xaukeok (around neck) {rPois rF+ MR+ Regen+ MP+9}
   (You found it on level 6 of the Lair of Beasts)

   [amulet of regeneration]

   It protects you from fire.
   It protects you from poison.
   It affects your resistance to hostile enchantments.
   It affects your magic capacity (+9).
   It increases your rate of regeneration.
 C - a +1 ring of protection {unknown}
 N - a +6 ring of dexterity (right hand)
 U - a ring of see invisible (left hand)
Scrolls
 a - 3 scrolls of amnesia
 g - a scroll of blinking
 o - 5 scrolls of magic mapping
 s - a scroll of fear
 z - 3 scrolls of teleportation
 B - 17 scrolls of remove curse
 I - 5 scrolls of fog
 J - 5 scrolls of holy word
 K - a scroll of brand weapon
 O - a scroll of silence
 T - 7 scrolls of identify
 V - a scroll of enchant armour
Potions
 e - 3 potions of resistance
 f - 4 potions of haste
 h - 8 potions of flight
 i - 3 potions of brilliance
 p - 3 potions of magic
 r - 8 potions of curing
 t - a potion of mutation
 v - 2 potions of cancellation
 x - 8 potions of lignification
 D - 4 potions of agility
 R - a potion of ambrosia
 W - 2 potions of might
 X - a potion of heal wounds
 Z - a potion of berserk rage {unknown}
Books
 b - a book of Frost

   Spells                             Type                      Level
   a - Freeze                         Ice                          1
   b - Throw Frost                    Conjuration/Ice              2
   c - Ozocubu's Armour               Charms/Ice                   3
   d - Throw Icicle                   Conjuration/Ice              4
   e - Summon Ice Beast               Ice/Summoning                4
 d - a book of Party Tricks

   Spells                             Type                      Level
   a - Summon Butterflies             Summoning                    1
   b - Apportation                    Translocation                1
   c - Lesser Beckoning               Translocation                3
   d - Tukima's Dance                 Hexes                        3
   e - Alistair's Intoxication        Transmutation/Poison         5
   f - Invisibility                   Hexes                        6
 y - a book of Conjurations

   Spells                             Type                      Level
   a - Magic Dart                     Conjuration                  1
   b - Searing Ray                    Conjuration                  2
   c - Dazzling Spray                 Conjuration/Hexes            3
   d - Fulminant Prism                Conjuration/Hexes            4
   e - Force Lance                    Conjuration/Translocation    4
   f - Iskenderun's Mystic Blast      Conjuration                  4
 G - a book of Minor Magic

   Spells                             Type                      Level
   a - Magic Dart                     Conjuration                  1
   b - Blink                          Translocation                2
   c - Call Imp                       Summoning                    2
   d - Slow                           Hexes                        2
   e - Conjure Flame                  Conjuration/Fire             3
   f - Mephitic Cloud                 Conjuration/Poison/Air       3
 H - a book of Clouds

   Spells                             Type                      Level
   a - Poisonous Vapours              Poison/Air                   2
   b - Mephitic Cloud                 Conjuration/Poison/Air       3
   c - Conjure Flame                  Conjuration/Fire             3
   d - Freezing Cloud                 Conjuration/Ice/Air          6
   e - Ring of Flames                 Charms/Fire                  7
 P - a book of Callings

   Spells                             Type                      Level
   a - Summon Small Mammal            Summoning                    1
   b - Call Imp                       Summoning                    2
   c - Call Canine Familiar           Summoning                    3
   d - Summon Guardian Golem          Hexes/Summoning              3
   e - Summon Lightning Spire         Summoning/Air                4
   f - Summon Ice Beast               Ice/Summoning                4
 Q - a book of Necromancy

   Spells                             Type                      Level
   a - Pain                           Necromancy                   1
   b - Animate Skeleton               Necromancy                   1
   c - Vampiric Draining              Necromancy                   3
   d - Regeneration                   Charms/Necromancy            3
   e - Animate Dead                   Necromancy                   4
   f - Borgnjor's Vile Clutch         Necromancy/Earth             5
 Y - a book of Battle

   Spells                             Type                      Level
   a - Infusion                       Charms                       1
   b - Shroud of Golubria             Charms/Translocation         2
   c - Song of Slaying                Charms                       2
   d - Spectral Weapon                Hexes/Charms                 3
   e - Regeneration                   Charms/Necromancy            3
Comestibles
 c - 22 rations


   Skills:
 + Level 14.9 Fighting
 + Level 14.5 Long Blades
   Level 4.8 Maces & Flails
 + Level 12.9 Armour
 - Level 8.2 Dodging
 - Level 2.1 Stealth
 * Level 12.4 Shields
 - Level 11.1 Spellcasting
 - Level 1.1 Conjurations
 - Level 5.3 Summonings
 + Level 8.6 Necromancy
 - Level 12.3 Ice Magic
 + Level 8.5 Earth Magic
 - Level 10.3 Invocations


You had 15 spell levels left.
You knew the following spells:

 Your Spells              Type           Power        Failure   Level  Hunger
a - Freeze                Ice            ####         1%          1    None
b - Ozocubu's Armour      Chrm/Ice       #####...     2%          3    None
c - Summon Ice Beast      Ice/Summ       ######..     2%          4    None
d - Throw Icicle          Conj/Ice       #####...     7%          4    None
e - Animate Dead          Necr           N/A          3%          4    None
f - Regeneration          Chrm/Necr      ####......   5%          3    None
g - Borgnjor's Vile Clut  Necr/Erth      ######....   9%          5    ####...
h - Blink                 Tloc           N/A          16%         2    None


Dungeon Overview and Level Annotations

Branches:
Dungeon (15/15)            Temple (1/1) D:6            Lair (6/6) D:8
 Shoals (4/4) Lair:2        Snake (4/4) Lair:2        Slime (0/5) Lair:5
    Orc (2/2) D:12            Elf (0/3) Orc:2        Vaults (0/5) D:14
 Depths (0/5) D:15

Altars:
Cheibriados
Dithmenos
Elyvilon
Hepliaklqana
Nemelex Xobeh
Okawaru
Qazlal
Ru
Sif Muna
Xom
Yredelemnul
Zin
The Shining One
Beogh

Shops:
D:8 *[   Orc:2 *}(!

Annotations:
D:10 Urug


Innate Abilities, Weirdness & Mutations

You are resistant to torment.
Your stone body is resilient. (AC +15)
You are immune to poison.
Your large and strong wings let you fly indefinitely.
You resist negative energy. (rN+)
You are resistant to electric shocks. (rElec)
You can survive without breathing.
You are immune to petrification.
You are immune to rotting.
You are partially covered in molten scales. (AC +2)
Scrolls take you a little longer to read.
Your body often deteriorates upon taking damage.
Your flesh is heat resistant. (rF+)
You are frail. (-10% HP)


Message History

* * * LOW HITPOINT WARNING * * *
You suddenly lose the ability to move!
You can move again.
As you read the scroll of teleportation, it crumbles to dust.
You feel strangely unstable.
Unknown command.
You feel better.
The manticore bites you but does no damage.
The manticore misses you. The manticore claws you.
* * * LOW HITPOINT WARNING * * *
A deafening chorus of shrieks assaults your mind!
* * * LOW HITPOINT WARNING * * *
The starcursed mass engulfs the plant!
You block the manticore's attack. The manticore barely misses you.
You block the manticore's attack.
You feel better.
The sea snake bites the plant!
A starcursed mass splits.
A deafening chorus of shrieks assaults your mind!
* * * LOW HITPOINT WARNING * * *
The manticore bites you but does no damage.
You block the manticore's attack. The manticore claws you.
You die...

≈..≈≈≈≈≈≈..≈≈≈≈≈≈......≈P≈..)..≈≈
...≈≈≈≈≈≈≈≈≈≈≈≈≈≈.....≈≈≈≈..##..≈
......≈≈≈≈≈≈≈≈≈......≈≈≈≈≈.####P[
......≈≈≈≈≈≈≈........≈≈≈≈≈..###(.
......(..≈≈≈≈.....X..P≈P≈≈≈≈.(...
).......≈≈≈...##X.XX≈P≈≈≈≈≈≈≈≈..≈
....≈≈≈≈≈≈≈..###XXPmPP≈..P..P≈≈.≈
.....≈.≈≈≈≈...##PH..≈P..P...[≈≈..
.......≈≈≈≈≈.###@..≈P....##..≈≈≈.
≈≈....≈≈≈≈≈≈.###..PPP..P###...≈≈≈
≈..##.≈≈≈≈≈≈......P≈P..P###P.≈≈≈≈
≈.###≈≈≈≈≈≈≈≈≈≈..P≈PPP....PPP≈≈..
......≈≈≈≈≈≈≈≈≈(PPPPP.PSPP.P≈≈≈(.
....#..≈≈≈.≈≈≈≈PPPPP≈PPP≈P≈≈≈≈)[#
##.###.≈≈≈≈≈≈≈≈≈≈≈≈....P≈≈≈≈≈≈P))
#..###≈≈≈≈≈≈≈≈≈≈≈...#...≈≈≈≈≈≈≈.(
..≈≈≈≈≈≈≈≈≈≈≈≈≈≈P..###.≈≈≈≈≈≈≈≈..


You could see 6 starcursed masses, a merfolk impaler, a sea snake (wandering)
and a manticore.

Vanquished Creatures
  A lich (Abyss:2)
  2 tentacled starspawn (Abyss:2)
  Polyphemus (Shoals:2)
  Donald (Snake:1)
  Ilsuiw (Shoals:3)
  6 nagarajas (Snake:4)
  A frost giant (Orc:1)
  An orc warlord (Orc:2)
  A dire elephant (D:15)
  A merfolk javelineer (Shoals:4)
  An eidolon (Abyss:2)
  A minotaur (Lab)
  Snorg (Lair:3)
  7 merfolk impalers
  Josephine (Shoals:1)
  Fannar (Lair:1)
  15 naga warriors
  2 hydras
  An alligator snapping turtle (Shoals:4)
  2 ice dragons (IceCv)
  3 merfolk avatars
  3 merfolk aquamancers
  3 centaur warriors
  3 ogre magi
  12 anacondas
  4 catoblepae
  14 two-headed ogres
  The ghost of Tilo the Destroyer, a journeyman DECj of Vehumet (D:10)
  A tengu warrior (D:14)
  18 death yaks
  6 thrashing horrors (Abyss:2)
  A deep elf knight (Orc:2)
  14 naga sharpshooters
  2 orc high priests
  Sonja (D:12)
  3 wretched stars (Abyss:2)
  7 shock serpents
  3 skeletal warriors
  A fire crab (Shoals:1)
  5 hell knights (Abyss:2)
  A sixfirhy (Abyss:2)
  An iron troll (Orc:2)
  7 sea snakes
  A shadow wraith (Abyss:2)
  3 spatial maelstroms (Abyss:2)
  4 salamander mystics (Snake:4)
  A deep troll (Orc:2)
  4 large abominations (Abyss:2)
  13 starcursed masses (Abyss:2)
  A shadow dragon zombie (Abyss:2)
  A lindwurm (Lair:6)
  An orc knight (D:14)
  8 naga ritualists
  A necromancer (Abyss:2)
  22 harpies
  4 deep elf magi (Orc:2)
  5 mana vipers
  12 cyclopes
  19 fauns
  9 ugly things
  9 manticores
  11 salamanders
  5 elephants (Lair:6)
  14 guardian serpents
  2 ice statues (IceCv)
  19 naga magi
  5 merfolk sirens
  A torpor snail (Lair:6)
  2 gargoyles
  3 smoke demons (Abyss:2)
  8 spiny frogs
  33 black mambas
  An orange demon (Abyss:2)
  5 water nymphs
  7 komodo dragons
  4 yaktaurs (D:14)
  10 rime drakes
  3 kobold demonologists
  An ancient zyme (Abyss:2)
  An efreet (D:14)
  2 demonic crawlers (Abyss:2)
  2 minotaur zombies (Lab)
  34 merfolk
  13 trolls
  2 hornets
  3 meliai (D:14)
  6 wind drakes
  Prince Ribbit (Lair:3)
  A polar bear (Lair:1)
  7 hippogriffs
  5 raiju (Abyss:2)
  10 slime creatures (D:15)
  17 dream sheep
  20 blink frogs
  6 flying skulls (Abyss:2)
  5 snapping turtles
  3 redbacks (D:15)
  2 shadows (Lab)
  A centaur simulacrum (D:14)
  23 yaks
  A ynoxinul (Abyss:2)
  A fire elemental (Abyss:2)
  17 water elementals
  5 wraiths (Shoals:1)
  4 wyverns
  4 basilisks
  3 fire bats
  4 neqoxecs (Abyss:2)
  A hog (D:9)
  A human (D:9)
  A chaos spawn (Abyss:2)
  A warg (shapeshifter) (D:13)
  A hungry ghost (D:15)
  82 nagas
  6 wargs
  2 soldier ants
  A spatial vortex (Abyss:2)
  A two-headed ogre zombie (D:12)
  7 water moccasins
  Duvessa (D:7)
  A black bear (D:10)
  12 porcupines
  20 ice beasts
  15 orc warriors
  2 sky beasts
  4 phantoms
  A necrophage (D:11)
  An ogre (shapeshifter) (Abyss:2)
  28 ogres
  9 wolves
  21 centaurs
  15 crocodiles
  2 big kobolds
  18 bullfrogs
  A gnoll sergeant (D:13)
  13 small abominations (Abyss:2)
  Dowan (D:7)
  3 troll zombies (D:12)
  4 scorpions
  9 killer bees
  5 wights
  7 howler monkeys
  2 electric eels (Lair:5)
  4 jellies
  7 crimson imps
  5 centaur zombies
  A bullfrog zombie (D:7)
  2 quasits (Abyss:2)
  2 hounds
  A gnoll shaman (D:10)
  A centaur skeleton (D:9)
  12 orc priests
  3 bullfrog skeletons
  3 iron imps (Abyss:2)
  Jessica (D:2)
  4 iguanas
  16 orc wizards
  11 worker ants
  3 ogre zombies (D:12)
  A hound skeleton (D:6)
  2 worker ant zombies (D:11)
  Robin (D:2)
  7 gnolls
  A howler monkey zombie (D:5)
  11 adders
  4 river rats (Sewer)
  3 shadow imps
  2 oozes
  4 worms
  4 dart slugs
  2 leopard geckos
  58 orcs
  7 ball pythons
  9 giant cockroaches
  12 goblins
  7 hobgoblins
  10 jackals
  7 quokkas
  11 bats
  5 frilled lizards
  A goblin skeleton (D:12)
  2 goblin zombies (D:12)
  2 hobgoblin skeletons (D:12)
  5 hobgoblin zombies (D:12)
  28 kobolds
  3 orc skeletons (D:12)
  12 orc zombies (D:12)
  30 rats
  A starspawn tentacle (Abyss:2)
  A withered plant (Shoals:3)
1245 creatures vanquished.

Vanquished Creatures (collateral kills)
  Frances (D:12)
  A stone giant (Orc:1)
  A dire elephant (Lair:6)
  2 merfolk javelineers (Shoals:4)
  Harold (D:10)
  A centaur warrior (D:13)
  2 hydras (Lair:6)
  2 catoblepae
  A two-headed ogre (Orc:2)
  A merfolk aquamancer (Shoals:3)
  6 death yaks
  A shock serpent (Snake:1)
  An orc knight (Orc:1)
  3 lindwurms
  A salamander (Snake:1)
  2 manticores
  An ugly thing (D:11)
  A deep elf mage (D:13)
  8 cyclopes
  A merfolk siren (Lair:2)
  2 elephants
  3 black mambas
  A gargoyle (D:15)
  A spiny frog (Lair:3)
  2 rime drakes
  2 komodo dragons
  A polar bear (Lair:6)
  A hornet (Lair:2)
  5 merfolk
  2 raiju (D:12)
  7 blink frogs
  3 dream sheep
  A hippogriff (Lair:4)
  A water elemental (Shoals:3)
  3 redbacks (D:15)
  3 hogs (D:9)
  2 basilisks (Lair:6)
  8 yaks
  A naga (Snake:1)
  6 water moccasins
  3 porcupines
  2 orc warriors
  2 ice beasts
  A black bear (D:10)
  3 ogres
  4 wolves (Lair:4)
  2 crocodiles (Lair:6)
  The ghost of topfpfpflanze the Magician, an amateur DEFE (D:4)
  4 bullfrogs
  A scorpion (D:11)
  3 killer bees (D:8)
  3 orc priests
  A bullfrog zombie (D:13)
  A hound (D:9)
  3 orc wizards (Orc:1)
  A worker ant (D:9)
  A howler monkey zombie (D:7)
  2 gnolls (D:10)
  A leopard gecko (D:6)
  2 orcs
  A plant (Lair:2)
  A starspawn tentacle (Abyss:2)
136 creatures vanquished.

Vanquished Creatures (others)
  A merfolk javelineer (Shoals:4)
  3 satyrs
  A naga sharpshooter (Snake:4)
  A large abomination (Abyss:2)
  An orc sorcerer (Orc:2)
  A faun (Shoals:1)
  A small abomination (Abyss:2)
  A naga (Snake:4)
  An orc warrior (D:14)
  A centaur (Shoals:1)
  An orc wizard (Orc:2)
  An ogre zombie (D:12)
  11 fungi
  A lurking horror (Abyss:2)
  65 plants
  5 starspawn tentacles (Abyss:2)
96 creatures vanquished.

Grand Total: 1477 creatures vanquished

Notes
Turn   | Place    | Note
-------+----------+-------------------------------------------
     0 | D:1      | Jannitor the Gargoyle Ice Elementalist began the quest for the Orb.
     0 | D:1      | Reached XP level 1. HP: 10/10 MP: 3/3
   135 | D:1      | Reached XP level 2. HP: 15/15 MP: 1/5
   569 | D:1      | Reached XP level 3. HP: 14/19 MP: 4/6
  1005 | D:2      | Noticed Robin
  1266 | D:2      | Killed Robin
  1266 | D:2      | Reached XP level 4. HP: 22/24 MP: 2/8
  1655 | D:2      | Learned a level 3 spell: Ozocubu's Armour
  1660 | D:2      | Learned a level 4 spell: Summon Ice Beast
  1744 | D:2      | Noticed Jessica
  1779 | D:2      | Killed Jessica
  1779 | D:2      | Reached XP level 5. HP: 21/28 MP: 4/10
  2411 | D:3      | Reached skill level 1 in Maces & Flails
  2411 | D:3      | Reached skill level 1 in Summonings
  2697 | D:3      | You fall through a shaft for 3 floors!
  2742 | D:6      | Noticed an ice beast
  2787 | D:6      | Reached XP level 6. HP: 32/32 MP: 11/11
  2871 | D:6      | Found a staircase to the Ecumenical Temple.
  2879 | Temple   | Entered the Ecumenical Temple
  2885 | Temple   | Became a worshipper of Warmaster Okawaru
  2942 | D:6      | Found a glowing drain.
  2951 | Sewer    | Entered a sewer
  3625 | Sewer    | Reached skill level 5 in Ice Magic
  3625 | Sewer    | Reached XP level 7. HP: 32/36 MP: 5/13
  3867 | D:5      | Entered Level 5 of the Dungeon
  4064 | D:4      | Reached * piety under Okawaru
  4429 | D:4      | Noticed topfpfpflanze's ghost (amateur DEFE)
  4450 | D:4      | Killed topfpfpflanze's ghost
  5162 | D:4      | Reached XP level 8. HP: 41/41 MP: 11/15
  5315 | D:5      | Gained mutation: You are frail. (-10% HP) [potion of mutation]
  5315 | D:5      | Gained mutation: You are partially covered in molten scales. (AC +2) [potion of mutation]
  5315 | D:5      | Gained mutation: Your flesh is heat resistant. (rF+) [potion of mutation]
  5348 | D:5      | Reached skill level 1 in Fighting
  5377 | D:5      | Reached skill level 1 in Armour
  5628 | D:5      | Reached ** piety under Okawaru
  5960 | D:5      | Found a deep blue altar of Sif Muna.
  5961 | D:5      | Found a sparkling altar of Nemelex Xobeh.
  7360 | D:6      | Found a shadowy altar of Dithmenos.
  7362 | D:6      | Found a stormy altar of Qazlal.
  7362 | D:6      | Found a glowing golden altar of the Shining One.
  7364 | D:6      | Found a shimmering altar of Xom.
  7364 | D:6      | Found a bloodstained altar of Trog.
  7364 | D:6      | Found a bloodstained altar of Trog.
  7475 | D:7      | Noticed Duvessa
  7475 | D:7      | Noticed Dowan
  7483 | D:7      | Killed Dowan
  7483 | D:7      | Reached XP level 9. HP: 44/44 MP: 4/16
  7498 | D:7      | Killed Duvessa
  7507 | D:7      | Got a crude long sword
  7508 | D:7      | Identified the +6 long sword of Yeast {freeze, rPois rC+ Str+3} (You found it on level 7 of the Dungeon)
  7523 | D:7      | Reached *** piety under Okawaru
  7669 | D:7      | Found a sacrificial altar of Ru.
  7740 | D:7      | Reached skill level 1 in Long Blades
  7853 | D:7      | Found a glowing golden altar of the Shining One.
  7987 | D:7      | Found a deep blue altar of Sif Muna.
  8244 | D:8      | Found Wiyfaf's Antique Armour Shoppe.
  8252 | D:8      | Bought a glowing leather armour for 110 gold pieces
  8386 | D:8      | Reached skill level 5 in Summonings
  8590 | D:8      | Found Megreg's Assorted Antiques.
  8598 | D:8      | Bought a smoky green potion for 17 gold pieces
  8598 | D:8      | Bought a potion of might for 76 gold pieces
  8598 | D:8      | Bought a smoky ruby potion for 17 gold pieces
  8598 | D:8      | Bought a scroll of identify for 38 gold pieces
  8660 | D:8      | Noticed a komodo dragon
  8673 | D:8      | Killed a komodo dragon
  8673 | D:8      | Reached **** piety under Okawaru
  8955 | D:8      | Noticed a death yak
  8955 | D:8      | Noticed a death yak
  8956 | D:8      | Noticed a death yak
  8956 | D:8      | Noticed a death yak
  8956 | D:8      | Noticed a death yak
  8957 | D:8      | Noticed a death yak
  8957 | D:8      | Found a staircase to the Lair.
  8958 | D:8      | Noticed a death yak
  9760 | D:9      | Reached XP level 10. HP: 52/52 MP: 5/17
  9784 | D:9      | Reached skill level 5 in Fighting
  9784 | D:9      | Reached skill level 5 in Armour
  9896 | D:9      | Noticed a two-headed ogre
  9920 | D:9      | Killed a two-headed ogre
  9920 | D:9      | Reached skill level 5 in Spellcasting
  9920 | D:9      | Reached skill level 1 in Invocations
 10004 | D:9      | Found a snail-covered altar of Cheibriados.
 10105 | D:9      | Reached ***** piety under Okawaru
 10224 | D:10     | Entered Level 10 of the Dungeon
 10237 | D:10     | Noticed Tilo's ghost (journeyman DECj)
 10252 | D:10     | Killed Tilo's ghost
 10391 | D:10     | Found a white marble altar of Elyvilon.
 10505 | D:10     | Noticed Urug
 10738 | D:10     | Noticed Harold
 10752 | D:10     | Killed Harold
 10752 | D:10     | Received a gift from Okawaru
 11073 | D:11     | Reached XP level 11. HP: 51/58 MP: 17/19
 11163 | D:11     | Noticed a two-headed ogre
 11164 | D:11     | Noticed a two-headed ogre
 11175 | D:11     | Killed a two-headed ogre
 11179 | D:11     | Killed a two-headed ogre
 11179 | D:11     | Reached ****** piety under Okawaru
 11302 | D:11     | Noticed a cyclops
 11615 | D:11     | Noticed a cyan ugly thing
 11621 | D:11     | Noticed a manticore
 11623 | D:11     | Killed a cyan ugly thing
 11627 | D:11     | Killed a manticore
 11836 | D:11     | Reached skill level 5 in Long Blades
 12017 | D:11     | Received a gift from Okawaru
 12319 | D:12     | Noticed a brown ugly thing
 12330 | D:12     | Killed a brown ugly thing
 12519 | D:12     | Noticed Frances
 12901 | Lair:1   | Entered Level 1 of the Lair of Beasts
 13259 | Lair:2   | Found a glowing golden altar of the Shining One.
 13322 | Lair:2   | Reached skill level 5 in Invocations
 13363 | Lair:2   | Found a staircase to the Shoals.
 13610 | Lair:2   | Found a staircase to the Snake Pit.
 13851 | Lair:2   | Learned a level 4 spell: Throw Icicle
 13858 | Lair:2   | Noticed a lindwurm
 13864 | Lair:2   | Killed a lindwurm
 13870 | Lair:2   | Reached XP level 12. HP: 24/65 MP: 2/22
 14911 | Lair:3   | Received a gift from Okawaru
 14982 | Lair:3   | Noticed Snorg
 14993 | Lair:3   | Noticed Prince Ribbit
 15359 | Lair:3   | Killed Snorg
 15388 | Lair:3   | Killed Prince Ribbit
 15415 | Lair:3   | Found a frozen archway.
 15471 | IceCv    | Entered an ice cave
 15482 | IceCv    | Received a gift from Okawaru
 15499 | IceCv    | Got a spiked plate armour {god gift}
 15510 | IceCv    | Identified the +1 plate armour of Enwumer {Dex+4} (Okawaru gifted it to you in an ice cave)
 16127 | IceCv    | Noticed an ice dragon
 16128 | IceCv    | Noticed an ice dragon
 16143 | IceCv    | Killed an ice dragon
 16156 | IceCv    | Killed an ice dragon
 16156 | IceCv    | Reached skill level 10 in Ice Magic
 17078 | Lair:4   | Noticed a seven-headed hydra
 17348 | Lair:4   | Reached XP level 13. HP: 61/72 MP: 11/25
 18002 | Lair:4   | Learned a level 4 spell: Animate Dead
 18006 | Lair:4   | Learned a level 3 spell: Regeneration
 18386 | Lair:5   | Found a labyrinth entrance.
 18388 | Lair:5   | Found a staircase to the Slime Pits.
 18392 | Lab      | Entered a labyrinth
 18481 | Lab      | Received a gift from Okawaru
 18542 | Lab      | Noticed a minotaur
 18549 | Lab      | Killed a minotaur
 19154 | Lair:5   | Reached skill level 1 in Necromancy
 19239 | Lair:5   | Received a gift from Okawaru
 19242 | Lair:5   | Got an encrusted helmet {god gift}
 19253 | Lair:5   | Identified the +1 helmet of Lifelessness {Regen+ Str-3 Int+4 Slay+5} (Okawaru gifted it to you on level 5 of the Lair of Beasts)
 19677 | Lair:6   | Entered Level 6 of the Lair of Beasts
 20300 | Lair:6   | Reached skill level 5 in Dodging
 20783 | Lair:6   | Reached skill level 10 in Fighting
 20825 | Lair:6   | Gained mutation: Your large and strong wings let you fly indefinitely. [Gargoyle growth]
 20825 | Lair:6   | Reached XP level 14. HP: 51/79 MP: 6/27
 20832 | Lair:6   | Received a gift from Okawaru
 21299 | Lair:6   | Identified the +8 hunting sling "Impbane" {velocity, rN+} (You found it on level 6 of the Lair of Beasts)
 21720 | Lair:6   | Received a gift from Okawaru
 21727 | Lair:6   | Got a pair of pitted gloves {god gift}
 21855 | Lair:6   | Identified the +1 pair of gloves "Viatoxt" {rPois Regen+ Int+2 Slay-6} (Okawaru gifted it to you on level 6 of the Lair of Beasts)
 21936 | Lair:6   | Noticed a dire elephant
 22137 | Lair:6   | Killed a dire elephant
 22963 | Lair:6   | Got a pitted lead amulet
 22965 | Lair:6   | Identified the amulet of Xaukeok {rPois rF+ MR+ Regen+ MP+9} (You found it on level 6 of the Lair of Beasts)
 23281 | Lair:1   | Noticed Fannar
 23442 | Lair:1   | Killed Fannar
 24131 | Lair:1   | Received a gift from Okawaru
 24726 | D:13     | Found a deep blue altar of Sif Muna.
 25345 | D:13     | Identified a scroll of acquirement
 25684 | D:12     | Found a staircase to the Orcish Mines.
 25684 | D:12     | Noticed Sonja
 25698 | Orc:1    | Entered Level 1 of the Orcish Mines
 25767 | Orc:1    | Noticed a stone giant
 25793 | Orc:1    | Killed a stone giant
 25793 | Orc:1    | Reached XP level 15. HP: 83/83 MP: 16/28
 26014 | Orc:1    | Received a gift from Okawaru
 26017 | Orc:1    | Got an ancient great sword {god gift}
 26018 | Orc:1    | Identified the +9 great sword "Boogrutang" {protect, Str+3} (Okawaru gifted it to you on level 1 of the Orcish Mines)
 26092 | Orc:1    | Found a roughly hewn altar of Beogh.
 27051 | Orc:1    | Noticed a frost giant
 27063 | Orc:1    | Killed a frost giant
 27063 | Orc:1    | Reached skill level 10 in Invocations
 27074 | Orc:1    | Reached skill level 10 in Spellcasting
 27079 | Orc:1    | Found the +4 dagger "Morg" {pain, MR+ Int+5}
 27117 | Orc:1    | Identified the Compendium of a Million Ghosts
 27142 | Orc:1    | Got an encrusted ring mail
 27153 | Orc:1    | Identified the +2 ring mail of Gasch {Str+4} (You found it on level 1 of the Orcish Mines)
 27237 | Orc:2    | Entered Level 2 of the Orcish Mines
 27250 | Orc:2    | Received a gift from Okawaru
 27469 | Orc:2    | Found a staircase to the Elven Halls.
 27519 | Orc:2    | Reached skill level 5 in Necromancy
 27578 | Orc:2    | Reached skill level 10 in Long Blades
 27579 | Orc:2    | Found Wucka's Gadget Emporium.
 27579 | Orc:2    | Found Tanail's Distillery.
 27593 | Orc:2    | Found Wete's General Store.
 27606 | Orc:2    | Found Cyomaaw's Antique Weapon Shoppe.
 27861 | Orc:2    | Noticed an orc warlord
 27874 | Orc:2    | Killed an orc warlord
 28262 | D:12     | Cast into level 2 of the Abyss (Sonja)
 28361 | Abyss:2  | Received a gift from Okawaru
 28368 | Abyss:2  | Got a bloodstained executioner's axe {god gift}
 28550 | Abyss:2  | Noticed a tentacled starspawn
 28561 | Abyss:2  | Killed a tentacled starspawn
 28596 | Abyss:2  | Gained mutation: Your body sometimes deteriorates upon taking damage. [a neqoxec]
 28602 | Abyss:2  | Noticed a lich
 28625 | Abyss:2  | Found a corrupted altar of Lugonu.
 28759 | Abyss:2  | Gained mutation: You tend to lose your temper in combat. [a neqoxec]
 28761 | Abyss:2  | Gained mutation: Scrolls take you a little longer to read. [a neqoxec]
 28763 | Abyss:2  | Lost mutation: You tend to lose your temper in combat. [a neqoxec]
 28768 | Abyss:2  | Reached XP level 16. HP: 78/90 MP: 30/30
 28961 | D:12     | Escaped the Abyss
 29086 | D:12     | Killed Sonja
 29283 | D:12     | Killed Frances
 29387 | D:13     | Identified the +7 executioner's axe of Qicweloulo {elec, Str+4} (Okawaru gifted it to you on level 2 of the Abyss)
 29469 | D:13     | Received a gift from Okawaru
 29599 | D:14     | Found a sacrificial altar of Ru.
 29771 | D:14     | Learned a level 5 spell: Borgnjor's Vile Clutch
 29882 | D:14     | Reached skill level 1 in Earth Magic
 30157 | D:14     | Found a gate to the Vaults.
 30284 | D:15     | Entered Level 15 of the Dungeon
 30361 | D:15     | Received a gift from Okawaru
 30376 | D:15     | Got a transparent triple sword {god gift}
 30377 | D:15     | Identified the +3 triple sword "Nuduts" {drain, MR++} (Okawaru gifted it to you on level 15 of the Dungeon)
 30543 | D:15     | Found a staircase to the Depths.
 31732 | Snake:1  | Entered Level 1 of the Snake Pit
 31851 | Snake:1  | Received a gift from Okawaru
 32098 | Snake:1  | Noticed Donald
 32707 | Snake:1  | Reached XP level 17. HP: 94/97 MP: 24/32
 32730 | Snake:1  | Killed Donald
 33143 | Snake:2  | Reached skill level 1 in Shields
 33253 | Snake:2  | Reached skill level 10 in Armour
 33932 | Snake:2  | Received a gift from Okawaru
 33935 | Snake:2  | Got a spiked helmet {god gift}
 33951 | Snake:2  | Identified the +0 helmet of Autotheism {rF- MR+++ Str+2 Dex+3} (Okawaru gifted it to you on level 2 of the Snake Pit)
 34231 | Snake:2  | Learned a level 2 spell: Blink
 34664 | Snake:3  | Reached skill level 5 in Shields
 35397 | Snake:4  | Entered Level 4 of the Snake Pit
 35997 | Snake:4  | Received a gift from Okawaru
 36005 | Snake:4  | Got a warped cloak {god gift}
 36114 | Snake:4  | Identified the +2 cloak of Disguise {Str+2} (Okawaru gifted it to you on level 4 of the Snake Pit)
 36200 | Snake:4  | Reached XP level 18. HP: 100/103 MP: 33/33
 36941 | Snake:4  | Reached skill level 5 in Earth Magic
 37024 | Snake:4  | Received a gift from Okawaru
 37165 | Snake:4  | Got a serpentine rune of Zot
 37458 | Shoals:1 | Entered Level 1 of the Shoals
 37461 | Shoals:1 | Noticed Josephine
 37477 | Shoals:1 | Killed Josephine
 37663 | Shoals:1 | Reached skill level 10 in Shields
 38717 | Shoals:2 | Reached XP level 19. HP: 72/108 MP: 34/34
 38808 | Shoals:2 | Noticed Polyphemus
 38831 | Shoals:2 | Killed Polyphemus
 39357 | Shoals:2 | Received a gift from Okawaru
 40933 | Shoals:4 | Entered Level 4 of the Shoals
 41117 | Shoals:4 | Noticed Ilsuiw
 41185 | Shoals:3 | Killed Ilsuiw
 41371 | Shoals:4 | Cast into level 2 of the Abyss (merfolk impaler)
 41513 | Abyss:2  | Gained mutation: Your body often deteriorates upon taking damage. [a neqoxec]
 41593 | Abyss:2  | Received a gift from Okawaru
 41715 | Shoals:4 | Escaped the Abyss
 41799 | Shoals:3 | Cast into level 2 of the Abyss (merfolk impaler)
 41998 | Abyss:2  | Paralysed by accursed screaming for 1 turns
 42718 | Abyss:2  | Reached XP level 20. HP: 74/115 MP: 26/35
 42733 | Abyss:2  | Noticed a bone dragon
 42739 | Shoals:3 | Escaped the Abyss
 42746 | Shoals:3 | HP: 3/115 [starcursed mass/accursed screaming (10)]
 42746 | Shoals:3 | Paralysed by accursed screaming for 1 turns
 42748 | Shoals:3 | Slain by a manticore

Skill      XL: |  1  2  3  4  5  6  7  8  9 10 11 12 13 14 15 16 17 18 19 |
---------------+----------------------------------------------------------+-----
Spellcasting   | 3 4 5 7 8 9 10 11 | 11.1
Ice Magic      | 4 5 6 7 8 9 10 11 12 | 12.3
Maces & Flails | 1 2 3 4 |  4.8
Summonings     | 1 2 3 4 5 |  5.3
Fighting       | 2 4 6 7 9 10 11 12 13 14 | 14.9
Armour         | 2 4 6 7 8 9 11 12 | 12.9
Long Blades    | 2 4 5 6 7 8 10 11 13 14 | 14.5
Invocations    | 3 5 7 8 9 10 | 10.3
Dodging        | 2 3 5 6 7 8 |  8.2
Necromancy     | 2 4 5 6 7 8 |  8.6
Earth Magic    | 4 6 8 |  8.5
Shields        | 7 10 12 | 12.4
Stealth        | |  2.1
Conjurations   | |  1.1

Action                   |  1- 3 |  4- 6 |  7- 9 | 10-12 | 13-15 | 16-18 | 19-21 || total
-------------------------+-------+-------+-------+-------+-------+-------+-------++-------
Melee: Dagger            |    45 |       |       |       |       |     7 |       ||    52
       Unarmed           |     3 |       |       |       |       |       |       ||     3
       Mace              |     5 |       |       |       |       |       |       ||     5
       Whip              |       |   214 |   179 |       |       |       |       ||   393
       Long sword        |       |       |   116 |   603 |   692 |       |       ||  1411
       Punch             |       |       |       |     3 |     2 |       |       ||     5
       Great sword       |       |       |       |       |   380 |   246 |       ||   626
       Triple sword      |       |       |       |       |       |   238 |       ||   238
       Double sword      |       |       |       |       |       |  1180 |   715 ||  1895
Throw: Javelin           |       |       |       |       |     1 |       |       ||     1
 Cast: Freeze            |    47 |    82 |   102 |       |    25 |       |       ||   256
       Summon Ice Beast  |       |       |    26 |    77 |   169 |    20 |       ||   292
       Ozocubu's Armour  |       |       |     4 |    18 |    29 |       |       ||    51
       Throw Icicle      |       |       |       |       |    21 |    10 |       ||    31
       Animate Dead      |       |       |       |       |    21 |       |    11 ||    32
       Regeneration      |       |       |       |       |    26 |    25 |    13 ||    64
       Borgnjor's Vile C |       |       |       |       |       |     1 |       ||     1
Invok: Heroism           |       |       |       |     9 |    10 |    25 |     5 ||    49
       Finesse           |       |       |       |       |       |    13 |     3 ||    16
 Abil: Fly               |       |       |       |       |     1 |       |       ||     1
Evoke: Wand              |       |       |     2 |     3 |     5 |     3 |       ||    13
  Use: Scroll            |     1 |     6 |    10 |     8 |    25 |    15 |     5 ||    70
       Potion            |     1 |       |     9 |     6 |     5 |    10 |     3 ||    34
 Stab: Sleeping          |     3 |       |       |     2 |     1 |     2 |     1 ||     9
       Paralysed         |       |       |    18 |       |       |       |       ||    18
       Invisible         |       |       |     4 |     4 |       |       |       ||     8
       Distracted        |       |       |     1 |     5 |    12 |     2 |     5 ||    25
  Eat: Chunk             |     2 |     7 |    15 |    25 |    26 |    21 |     5 ||   101
       Ration            |       |       |     3 |     3 |     8 |     5 |     3 ||    22
Armor: Robe              |    41 |       |       |       |       |       |       ||    41
       Animal skin       |       |    95 |    44 |       |       |       |       ||   139
       Leather armour    |       |       |   126 |   397 |   446 |       |       ||   969
       Ring mail         |       |       |    19 |       |   181 |   876 |   374 ||  1450
Dodge: Dodged            |    69 |   220 |   249 |   455 |   937 |  1070 |   409 ||  3409
       Deflected         |       |       |       |       |       |     7 |       ||     7
Block: Shield            |       |       |       |       |       |   707 |   420 ||  1127
       Reflection        |       |       |       |       |       |    89 |    52 ||   141
       Rpst.: Long sword |       |       |    23 |   122 |   150 |       |       ||   295
       Great sword       |       |       |       |       |    81 |    47 |       ||   128
       Triple sword      |       |       |       |       |       |    48 |       ||    48
       Double sword      |       |       |       |       |       |   116 |    70 ||   186
